AoeStats
← wtp_marny_beer_skill

Arabia

510361010Analyzed
1v1 RM · 1d ago on Sep 30, 2026· 54m 51s· 2 players
Game mode
Random Map
Map size
Tiny (2 player)
Population
200
Speed
Normal
Resources
Standard
Victory
Conquest
Starting age
Dark Age
Ending age
Imperial Age
RankedLock teamsTeams togetherTeam positionsShared explorationLock speedFull tech treeHidden civsTurbo modeCheats
Victory
Defeat
🇫🇷 Franks · France
917
+16
🇨🇿 Franks · Czechia
907
-16
wtp_marny_beer_skill
6:39 Loom
9:18 Feudal Age
10:10 Double-Bit Axe
20:40 Castle Age
22:02 Wheelbarrow
21:22 Gold Mining
22:03 Pikeman
23:32 Forging
24:08 Squires
24:31 Bow Saw
26:47 Scale Barding Armor
27:56 Gold Shaft Mining
28:29 Hand Cart
29:00 Town Watch
32:05 Chain Barding Armor
31:37 Fletching
32:25 Iron Casting
31:52 Padded Archer Armor
32:16 Town Patrol
33:17 Fervor
33:15 Husbandry
33:57 Stone Mining
35:48 Bodkin Arrow
38:52 Imperial Age
37:01 Ballistics
36:47 Scale Mail Armor
37:03 Leather Archer Armor
38:29 Ordonnance Companies
40:47 Chemistry
39:46 Murder Holes
40:20 Cavalier
40:22 Light Cavalry
40:27 Cranequins
42:14 Blast Furnace
41:07 Halberdier
41:37 Arson
43:20 Paladin
45:42 Plate Barding Armor
45:23 Chain Mail Armor
46:20 Chivalry
47:16 Heavy Mounted Crossbowman
49:42 Hoardings
53:34 Plate Mail Armor
Captain Pyzøt
9:39 Feudal Age
12:38 Loom
17:19 Castle Age
17:48 Pikeman
21:48 Stone Mining
27:40 Gold Mining
27:37 Double-Bit Axe
30:06 Town Watch
30:58 Wheelbarrow
34:38 Imperial Age
33:09 Bow Saw
33:33 Scale Barding Armor
33:32 Town Patrol
33:36 Squires
33:53 Scale Mail Armor
34:20 Forging
33:58 Arson
34:23 Husbandry
34:54 Hand Cart
34:03 Light Cavalry
35:03 Chain Mail Armor
34:54 Halberdier
35:48 Cavalier
37:03 Plate Mail Armor
36:56 Chain Barding Armor
37:09 Conscription
38:09 Gold Shaft Mining
38:14 Plate Barding Armor
38:27 Iron Casting
38:29 Paladin
39:13 Chivalry
40:59 Blast Furnace
Connection lost

Rejoining the realm…

Still unreachable

The connection could not be restored.

Session expired

The server has moved on; the page needs a fresh start.